 Dungeon Crawl Stone Soup version 0.19.3-4-gbf9329e (webtiles) character file.

8894 unrecovered the Cruncher (level 11, -36/126 HPs)
             Began as a Formicid Fighter on Jan 28, 2017.
             Was a High Priest of Okawaru.
             Annihilated by a titanic slime creature (68 damage)
             ... on level 9 of the Dungeon.
             The game lasted 00:25:26 (8498 turns).

unrecovered the Cruncher (Formicid Fighter)         Turns: 8498, Time: 00:25:26

Health: -36/126    AC: 25    Str: 24    XL:     11   Next: 64%
Magic:  9/11       EV:  2    Int:  8    God:    Okawaru [*****.]
Gold:   525        SH: 16    Dex: 10    Spells: 1 memorised, 7 levels left

rFire  . . .     SeeInvis .     w - +5 quarterstaff (chaos)
rCold  . . .     Gourm    .     (armour currently unavailable)
rNeg   + + +     Faith    .     c - +1 shield
rPois  +         Spirit   .     (helmet unavailable)
rElec  .         Reflect  +     (cloak currently unavailable)
rCorr  .         Harm     .     (gloves currently unavailable)
MR     ++...                    (boots currently unavailable)
Stlth  +++.......               i - +2 amulet of reflection
                                (no ring)
                                p - ring of protection from magic

@: tree-form, heroism
A: permanent stasis, dig shafts and tunnels, four strong arms, (antennae 0)
a: Heroism, Finesse, Renounce Religion


You were on level 9 of the Dungeon.
You worshipped Okawaru.
Okawaru was extremely pleased with you.
You were not hungry.
You were a tree.
You visited 1 branch of the dungeon, and saw 9 of its levels.

You collected 525 gold pieces.

Inventory:

Hand Weapons
 w - a +5 quarterstaff of chaos (weapon)
Armour
 b - a +0 scale mail
 c - a +1 shield (worn)
 l - a +0 cloak (melded)
 s - a cursed -2 leather armour (melded)
 u - a cursed +0 pair of boots (melded)
 y - a +0 chain mail
 C - a +2 pair of gloves of strength (melded)
Jewellery
 i - a +2 amulet of reflection (around neck)
 p - a ring of protection from magic (left branch)
Wands
 E - a wand of confusion (15/48)
Potions
 a - a potion of flight
 j - a potion of brilliance
 k - a potion of magic
 m - a potion of mutation
 n - a potion of cure mutation {unknown}
 q - 2 potions of resistance
 v - 2 potions of curing
 x - a potion of haste {unknown}
 z - a potion of cancellation {unknown}
 A - a potion of lignification
 B - a potion of invisibility {unknown}
 D - a potion of beneficial mutation {unknown}
Books
 o - a book of Conjurations

   Spells                             Type                      Level
   a - Magic Dart                     Conjuration                  1
   b - Searing Ray                    Conjuration                  2
   c - Dazzling Spray                 Conjuration/Hexes            3
   d - Fulminant Prism                Conjuration/Hexes            4
   e - Iskenderun's Mystic Blast      Conjuration                  4
   f - Iskenderun's Battlesphere      Conjuration/Charms           5
 t - a book of Misfortune

   Spells                             Type                      Level
   a - Confusing Touch                Hexes                        1
   b - Confuse                        Hexes                        3
   c - Gell's Gravitas                Hexes/Translocation          3
   d - Petrify                        Transmutation/Earth          4
   e - Metabolic Englaciation         Hexes/Ice                    5
   f - Yara's Violent Unravelling     Hexes/Transmutation          5
Comestibles
 d - 3 meat rations
 f - 3 bread rations
 g - 2 fruits
 h - a slice of pizza
 r - a royal jelly


   Skills:
 + Level 7.5(12.5) Fighting
 * Level 13.1(18.1) Staves
 - Level 3.2(8.2) Armour
 + Level 5.6(10.6) Dodging
 - Level 9.0(14.0) Shields


You had 7 spell levels left.
You knew the following spells:

 Your Spells              Type           Power        Failure   Level  Hunger
a - Confuse               Hex            #.......     95%         3    ####...


Dungeon Overview and Level Annotations

Branches:
Dungeon (9/15)             Temple (0/1) D:5
   Lair: D:8-11         Orc: D:9-12

Altars:
Okawaru
Qazlal
Sif Muna
Trog
Vehumet
Xom
Zin


Innate Abilities, Weirdness & Mutations

You are under a permanent stasis effect.
You can dig through walls and to a lower floor.
Your four strong arms can wield two-handed weapons with a shield.
((You have a pair of large antennae on your head. (SInv)))


Message History

You gain the combat prowess of a mighty hero.
You barely miss the enormous slime creature.
The enormous slime creature is lightly wounded.
The enormous slime creature hits you!!
Two slime creatures merge to form a titanic slime creature.
You sock the titanic slime creature!
The titanic slime creature is lightly wounded.
You bludgeon the titanic slime creature!!
The titanic slime creature is moderately wounded.
You hit the titanic slime creature. You freeze the titanic slime creature.
The titanic slime creature is moderately wounded.
The titanic slime creature hits you!!!
* * * LOW HITPOINT WARNING * * *
You barely miss the titanic slime creature.
The titanic slime creature is moderately wounded.
As you read the scroll labeled FAFFOTZYUSI, it crumbles to dust.
The scroll dissolves into smoke.
It was a scroll of fog.
The titanic slime creature hits you!!!
Ouch! That really hurt!
You die...

#.........#. ......
#........... .......
###.....<....#........
............#........
#.........# .......>
#.........# ........
#.§J§.....# ........
###J####### ........
#♣## ........ #§§#
######. ###§###### ##.
#........# #..
#........########'#
#........##........
+........##........
#.........#........
#..................


You could see a titanic slime creature and a slime creature.

Vanquished Creatures
  An unseen horror (shapeshifter) (D:8)
  The ghost of ChocoTaco the Cleaver, a novice DDFi of Makhleb (D:5)
  A manticore (D:8)
  4 polar bears (D:8)
  A two-headed ogre (D:9)
  5 hippogriffs (D:8)
  Eustachio (D:5)
  A hog (D:8)
  8 yaks
  Duvessa (D:4)
  4 sky beasts
  2 orc warriors
  A black bear (D:8)
  A necrophage (D:5)
  3 phantoms
  2 ogres
  7 centaurs
  A crocodile (D:9)
  A big kobold (D:9)
  8 bullfrogs
  Dowan (D:4)
  A scorpion (D:4)
  A water moccasin skeleton (D:4)
  6 killer bees (D:9)
  A howler monkey (D:5)
  A bullfrog zombie (D:7)
  4 crimson imps
  A quasit (D:7)
  2 hounds
  2 orc priests
  Crazy Yiuf (D:6)
  A jelly (D:8)
  2 iguanas (D:6)
  4 orc wizards
  Natasha (D:3)
  8 worker ants
  A hound zombie (D:9)
  A hound skeleton (D:8)
  4 gnolls (D:6)
  6 adders
  4 shadow imps
  An adder zombie (D:9)
  3 oozes
  An adder skeleton (D:7)
  4 worms
  A dart slug (D:2)
  7 leopard geckos
  17 orcs
  A ball python (D:1)
  4 giant cockroaches
  10 hobgoblins
  9 jackals
  A quokka (D:2)
  4 bats
  6 frilled lizards
  A giant cockroach zombie (D:6)
  6 goblins
  A jackal skeleton (D:9)
  8 kobolds
  A leopard gecko skeleton (D:8)
  2 quokka zombies
  6 rats
201 creatures vanquished.

Vanquished Creatures (others)
  A polar bear (D:8)
  A centaur (D:6)
2 creatures vanquished.

Grand Total: 203 creatures vanquished

Notes
Turn   | Place    | Note
-------+----------+-------------------------------------------
     0 | D:1      | unrecovered the Formicid Fighter began the quest for the Orb.
     0 | D:1      | Reached XP level 1. HP: 18/18 MP: 1/1
   300 | D:1      | Reached XP level 2. HP: 21/24 MP: 2/2
   782 | D:2      | Reached XP level 3. HP: 29/29 MP: 3/3
   785 | D:2      | Reached skill level 3 in Staves
   959 | D:2      | Reached XP level 4. HP: 28/35 MP: 4/4
  1447 | D:3      | Found a stormy altar of Qazlal.
  1449 | D:3      | Found an iron altar of Okawaru.
  1456 | D:3      | Found a deep blue altar of Sif Muna.
  1456 | D:3      | Found a radiant altar of Vehumet.
  1460 | D:3      | Became a worshipper of Warmaster Okawaru
  1626 | D:3      | Reached skill level 4 in Staves
  1755 | D:3      | Reached XP level 5. HP: 41/41 MP: 5/5
  1788 | D:3      | Noticed Natasha
  1793 | D:3      | Killed Natasha
  1991 | D:3      | Reached skill level 5 in Shields
  2069 | D:4      | Noticed Duvessa
  2070 | D:4      | Noticed Dowan
  2077 | D:4      | Killed Duvessa
  2077 | D:4      | Reached skill level 5 in Staves
  2077 | D:4      | Reached XP level 6. HP: 29/47 MP: 6/6
  2082 | D:4      | Killed Dowan
  2082 | D:4      | Reached * piety under Okawaru
  2345 | D:4      | Noticed a sky beast
  2359 | D:4      | Killed a sky beast
  2359 | D:4      | Reached XP level 7. HP: 43/52 MP: 7/7
  2473 | D:4      | Reached skill level 6 in Staves
  3060 | D:4      | Reached skill level 7 in Staves
  3489 | D:4      | Reached XP level 8. HP: 58/58 MP: 8/8
  3556 | D:5      | Entered Level 5 of the Dungeon
  3897 | D:5      | Noticed ChocoTaco's ghost (novice DDFi)
  3944 | D:5      | Killed ChocoTaco's ghost
  3944 | D:5      | Reached ** piety under Okawaru
  3944 | D:5      | Reached skill level 8 in Staves
  4183 | D:5      | Noticed Eustachio
  4288 | D:5      | Reached XP level 9. HP: 43/64 MP: 9/9
  4587 | D:5      | Found a staircase to the Ecumenical Temple.
  4642 | D:5      | Reached skill level 9 in Staves
  4712 | D:6      | Found a glowing silver altar of Zin.
  4730 | D:6      | Learned a level 3 spell: Confuse
  5029 | D:6      | Found a runed door.
  5176 | D:6      | Reached *** piety under Okawaru
  5219 | D:6      | Noticed Crazy Yiuf
  5225 | D:6      | Killed Crazy Yiuf
  5306 | D:5      | Killed Eustachio
  5306 | D:5      | Reached skill level 10 in Staves
  5868 | D:7      | Reached skill level 1 in Dodging
  6324 | D:8      | Reached XP level 10. HP: 69/73 MP: 10/10
  6686 | D:8      | Found a huge runed gate.
  6687 | D:8      | Found a huge runed gate.
  6688 | D:8      | Found a huge runed gate.
  6694 | D:8      | Reached skill level 11 in Staves
  6700 | D:8      | Found a huge runed gate.
  6700 | D:8      | Noticed a manticore
  6791 | D:8      | Reached **** piety under Okawaru
  6791 | D:8      | Reached skill level 5 in Fighting
  7033 | D:8      | Noticed an unseen horror
  7033 | D:8      | a polar bear changed into an unseen horror
  7034 | D:8      | Killed an unseen horror
  7045 | D:8      | Killed a manticore
  7045 | D:8      | Reached ***** piety under Okawaru
  7045 | D:8      | Reached skill level 12 in Staves
  7347 | D:8      | Reached XP level 11. HP: 33/83 MP: 8/11
  7763 | D:9      | Reached skill level 5 in Dodging
  7839 | D:9      | Found a bloodstained altar of Trog.
  7858 | D:9      | Found a shimmering altar of Xom.
  7859 | D:9      | Found a shimmering altar of Xom.
  7952 | D:9      | Reached skill level 13 in Staves
  7960 | D:9      | Received a gift from Okawaru
  8498 | D:9      | Annihilated by a titanic slime creature

Skill      XL: |  1  2  3  4  5  6  7  8  9 10 11 |
---------------+----------------------------------+-----
Shields        | 4 5 6 8 9 |  9.0
Staves         | 3 4 5 7 8 10 12 13 | 13.1
Dodging        | 1 4 5 |  5.6
Fighting       | 4 6 7 |  7.5
Armour         | |  3.2

Action                   |  1- 3 |  4- 6 |  7- 9 | 10-12 || total
-------------------------+-------+-------+-------+-------++-------
Melee: Quarterstaff      |    89 |   107 |   332 |   264 ||   792
Invok: Heroism           |       |       |     2 |     8 ||    10
 Abil: Dig               |       |       |       |     3 ||     3
Evoke: Wand              |       |       |       |     4 ||     4
  Use: Scroll            |       |     1 |    11 |     5 ||    17
       Potion            |       |     1 |       |     6 ||     7
 Stab: Petrifying        |       |       |       |     2 ||     2
       Petrified         |       |       |       |     2 ||     2
       Paralysed         |       |       |       |     2 ||     2
       Confused          |       |       |       |     1 ||     1
  Eat: Chunk             |       |     5 |     9 |     8 ||    22
       Beef jerky        |       |       |     1 |       ||     1
       Pizza             |       |       |     1 |       ||     1
Armor: Scale mail        |    42 |    35 |    45 |       ||   122
       Leather armour    |       |       |     6 |    16 ||    22
       Skin              |       |       |       |     2 ||     2
Dodge: Dodged            |    22 |    28 |    66 |    83 ||   199
Block: Shield            |    42 |    46 |   173 |   137 ||   398
       Reflection        |       |       |     4 |     8 ||    12
